 Dungeon Crawl Stone Soup version 0.25-a0-576-g50b708a4c4 (webtiles) character file.

Game seed: 68791636648289321, levelgen mode: deterministic

1634 An17 the Covert (level 8, -13/43 HPs)
             Began as a Vampire Enchanter on Mar 1, 2020.
             Was an Initiate of Dithmenos.
             Mangled by Harold
             ... wielding a +1 dire flail of holy wrath
              (16 damage)
             ... on level 7 of the Dungeon.
             The game lasted 00:19:28 (5956 turns).

An17 the Covert (Vampire Enchanter)                 Turns: 5956, Time: 00:19:28

Health: -13/43     AC: 10    Str: 11    XL:     8   Next: 66%
Magic:  9/14       EV: 17    Int: 18    God:    Dithmenos [......]
Gold:   263        SH:  0    Dex: 16    Spells: 7/15 levels left

rFire    . . .     SeeInvis +   a - +1 dagger
rCold    + + .     Gourm    .   (no shield)
rNeg     + + +     Faith    .   f - +0 leather armour
rPois    ∞         Spirit   .   (no helmet)
rElec    .         Reflect  .   l - +0 cloak
rCorr    .         Harm     .   s - +2 pair of gloves
MR       .....                  v - +2 pair of boots
Stlth    ++++++....             w - amulet of regeneration
HPRegen  0.00/turn              d - +3 ring of evasion
MPRegen  0.14/turn              c - +4 ring of strength

@: bloodless
A: no food, fangs 3, see invisible, unbreathing
a: Bat Form, Revivify, Renounce Religion


You were on level 7 of the Dungeon.
You worshipped Dithmenos.
Dithmenos was noncommittal.
You were bloodless.

You visited 2 branches of the dungeon, and saw 8 of its levels.

You collected 263 gold pieces.

Inventory:

Hand Weapons
 a - a +1 dagger (weapon)
 k - a +3 quarterstaff of chaos
 q - a +1 antimagic spear
Missiles
 e - 52 poisoned darts (quivered)
 h - 7 datura-tipped darts
Armour
 f - a +0 leather armour (worn)
 l - a +0 cloak (worn)
 s - a +2 pair of gloves (worn)
 v - a +2 pair of boots (worn)
Jewellery
 c - a +4 ring of strength (right hand)
 d - a +3 ring of evasion (left hand)
 w - an amulet of regeneration (around neck)
Wands
 r - a wand of scattershot (4)
 t - a wand of digging (7)
Scrolls
 b - a scroll of remove curse
 g - 2 scrolls of enchant armour
 p - 8 scrolls of identify
Potions
 i - 2 potions of degeneration {unknown}
 j - 2 potions of berserk rage {unknown}
 m - 3 potions of flight {unknown}
 n - 3 potions of curing
 o - 2 potions of heal wounds {unknown}
 u - a potion of brilliance {unknown}


   Skills:
 + Level 1.4 Fighting
 + Level 3.7 Short Blades
 + Level 0.3 Throwing
 + Level 2.0 Armour
 + Level 4.2 Dodging
 + Level 10.3 Stealth
 + Level 4.1 Spellcasting
 + Level 7.1 Hexes
 + Level 3.9 Ice Magic


You had 7 spell levels left.
You knew the following spells:

 Your Spells              Type           Power        Failure   Level  Hunger
b - Ensorcelled Hibernat  Hex/Ice        ###...       3%          2    N/A
c - Tukima's Dance        Hex            ####....     3%          3    N/A
d - Confusing Touch       Hex            ####....     3%          3    N/A

Your spell library contained the following spells:

 Spells                   Type           Power        Failure   Level  Hunger
 Corona                   Hex            ####...      1%          1    N/A
 Dazzling Flash           Conj/Hex       ###...       13%         3    N/A

Dungeon Overview and Level Annotations

Branches:
Dungeon (7/15)             Temple (1/1) D:6

Altars:
Ashenzari
Dithmenos
Gozag
Kikubaaqudgha
Makhleb
Qazlal
Ru
Sif Muna
Trog
Vehumet
The Shining One

Shops:
D:7 }

Annotations:
D:3 3 runed translucent doors, Muyou's ghost, weakling SpVM; blobbo's ghost, amateur DEFE; loom's ghost, novice GnSk
D:7 Harold


Innate Abilities, Weirdness & Mutations

You do not eat.
You do not regenerate when monsters are visible.
You are frail without blood (-20% HP).
You can heal yourself when you bite living creatures.
You are immune to poison.
You have razor-sharp teeth.
You have supernaturally acute eyesight. (SInv)
You can survive without breathing.


Message History

Casting: Ensorcelled Hibernation (safe; 3% risk of failure)
Confirm with . or Enter, or press ? or * to list all spells.
Aiming: Ensorcelled Hibernation (safe; 3% risk of failure)
Press: ? - help, Shift-Dir - straight line, f/p - Harold
Aim: Harold, wielding a +1 dire flail of holy wrath, wearing a +0 scale mail and quivering 2 throwing nets (chance to defeat MR: 20%)
Okay, then.
Casting: Ensorcelled Hibernation (safe; 3% risk of failure)
Confirm with . or Enter, or press ? or * to list all spells.
Your hands begin to glow red.
Harold points at you and mumbles some strange words.
You barely resist. You hit Harold but do no damage.
Harold hits you with a +1 dire flail of holy wrath!
You convulse.
You hit Harold but do no damage.
Harold appears confused.
You bite Harold, but do no damage.
Harold hits you with a +1 dire flail of holy wrath!
* * * LOW HITPOINT WARNING * * *
You convulse!
You die...

############............#
#..######.#.### #..#
#.#...# #..# #.###.# #..#
#. #.# +.># #. #.# #.##
#. #.# ###'#######. #.#
#....@@..# #.######
#..∩.....# #.......
#........# ######.#
#........# #.# #........#
#.# #........# #.#
###'#######.# #.# #.# #.#
#.# #.# #.# #.#


You could see Harold (confused).

Vanquished Creatures
  A hornet (D:6)
  An orc warrior (D:6)
  A sky beast (D:6)
  2 ogres
  A phantom (D:4)
  2 centaurs
  A bullfrog (D:6)
  2 water moccasin skeletons (D:5)
  3 howler monkeys
  2 crimson imps
  2 hounds
  A quasit (D:5)
  A gnoll shaman (D:4)
  Crazy Yiuf (D:2)
  Jessica (D:2)
  An iguana (D:5)
  2 worker ants
  2 worker ant zombies (D:5)
  5 adders
  7 gnolls (D:4)
  An adder skeleton (D:5)
  An adder zombie (D:5)
  2 worms (D:2)
  5 dart slugs
  3 leopard geckos
  8 orcs
  A ball python (D:6)
  14 bats
  6 giant cockroaches
  7 hobgoblins
  11 kobolds
  A ball python skeleton (D:4)
  5 frilled lizards
  A giant cockroach zombie (D:5)
  9 goblins
  A jackal zombie (D:5)
  2 quokka skeletons
  11 rats
128 creatures vanquished.

Notes
Turn   | Place    | Note
-------+----------+-------------------------------------------
     0 | D:1      | An17 the Vampire Enchanter began the quest for the Orb.
     0 | D:1      | Reached XP level 1. HP: 13/13 MP: 3/3
   208 | D:1      | Reached XP level 2. HP: 19/19 MP: 5/5
   212 | D:1      | Learned a level 2 spell: Ensorcelled Hibernation
   751 | D:1      | Reached skill level 5 in Stealth
   751 | D:1      | Reached XP level 3. HP: 18/19 MP: 6/6
   756 | D:1      | Learned a level 3 spell: Tukima's Dance
  1056 | D:2      | Found a burning altar of Makhleb.
  1058 | D:2      | Found a radiant altar of Vehumet.
  1198 | D:2      | Found a runed translucent door.
  1199 | D:2      | Noticed Crazy Yiuf
  1215 | D:2      | Killed Crazy Yiuf
  1543 | D:2      | Reached XP level 4. HP: 24/24 MP: 4/7
  1717 | D:2      | Noticed Jessica
  1725 | D:2      | Killed Jessica
  1725 | D:2      | Reached skill level 1 in Ice Magic
  1746 | D:2      | Reached skill level 5 in Hexes
  2030 | D:3      | Found a runed translucent gate.
  2031 | D:3      | Found a runed translucent gate.
  2033 | D:3      | Found a runed translucent gate.
  2035 | D:3      | Noticed blobbo's ghost (amateur DEFE)
  2035 | D:3      | Noticed Muyou's ghost (weakling SpVM)
  2036 | D:3      | Noticed loom's ghost (novice GnSk)
  2067 | D:3      | Reached XP level 5. HP: 28/28 MP: 1/8
  2068 | D:3      | Noticed an ogre
  2109 | D:3      | Killed an ogre
  2109 | D:3      | Reached skill level 6 in Stealth
  2138 | D:3      | Learned a level 3 spell: Confusing Touch
  2387 | D:3      | Found an ancient bone altar of Kikubaaqudgha.
  2747 | D:4      | Reached XP level 6. HP: 33/33 MP: 7/10
  2785 | D:4      | Reached skill level 1 in Armour
  2785 | D:4      | Reached skill level 7 in Stealth
  2906 | D:4      | Reached skill level 1 in Fighting
  2906 | D:4      | Reached XP level 7. HP: 38/38 MP: 11/11
  2935 | D:4      | Identified the cursed +0 leather armour of the Desert
                  | {rPois} (You found it on level 4 of the Dungeon)
  2968 | D:4      | Found a shattered altar of Ashenzari.
  3834 | D:4      | Reached skill level 8 in Stealth
  4024 | D:5      | Entered Level 5 of the Dungeon
  4085 | D:5      | Found a sacrificial altar of Ru.
  4247 | D:5      | Reached skill level 9 in Stealth
  4981 | D:5      | Found a stormy altar of Qazlal.
  5025 | D:5      | Reached XP level 8. HP: 43/43 MP: 7/13
  5310 | D:6      | Noticed a hornet
  5314 | D:6      | Killed a hornet
  5314 | D:6      | Reached skill level 10 in Stealth
  5613 | D:6      | Found a staircase to the Ecumenical Temple.
  5619 | Temple   | Entered the Ecumenical Temple
  5626 | Temple   | Became a worshipper of Dithmenos the Shadowed
  5696 | D:6      | Found a shimmering blue altar of Sif Muna.
  5946 | D:7      | Found Beoklidgh's Gadget Shop.
  5947 | D:7      | Noticed Harold
  5956 | D:7      | Mangled by Harold

Levels and vault maps discovered:
D:1:      minmay_arrival_nine_rooms, layout_basic, minmay_tromino_v4_c
D:2:      layout_basic, chequers_temple_overflow_statue_of_worship,
          uniq_crazy_yiuf_cottage, uniq_jessica
D:3:      layout_basic, nicolae_overflow_hidden_temple,
          gammafunk_ghost_cemetery, chequers_serial_rivers_room_b,
          item_on_display_a
D:4:      layout_layer_cave, ashenzari_altar_1, minmay_misc_feat_ornament
D:5:      layout_cave_pods, grunt_qazlal_clouds, old_standard_altar,
          first_ration
D:6:      layout_rooms, lemuel_blue_sif_altar
D:7:      layout_basic, serial_shops, kennysheep_mini_moat, shop, shop,
          shop_fountains, uniq_harold, uniq_pikel
Temple:   compressed_dpeg_circular_temple

Skill      XL: |  1  2  3  4  5  6  7  8 |
---------------+-------------------------+-----
Stealth        | 5 6 7 9 10 | 10.3
Short Blades   | 2 3 |  3.7
Ice Magic      | 1 2 3 |  3.9
Hexes          | 5 6 7 |  7.1
Armour         | 1 2 |  2.0
Dodging        | 3 4 |  4.2
Spellcasting   | 3 4 |  4.1
Fighting       | 1 |  1.4
Throwing       | |  0.3

Action                   |  1- 3 |  4- 6 |  7- 9 || total
-------------------------+-------+-------+-------++-------
Melee: Dagger            |   104 |   117 |   167 ||   388
       Bite              |     5 |     8 |    16 ||    29
Throw: Dart              |     1 |       |     7 ||     8
 Cast: Corona            |     2 |       |       ||     2
       Ensorcelled Hiber |    17 |    26 |    32 ||    75
       Confusing Touch   |       |       |     7 ||     7
 Abil: Exsanguinate      |     1 |       |       ||     1
  Use: Scroll            |     1 |     3 |     5 ||     9
 Stab: Sleeping          |    17 |    32 |    32 ||    81
       Confused          |       |       |     6 ||     6
Armor: Robe              |     7 |       |       ||     7
       Leather armour    |    16 |    16 |    52 ||    84
Dodge: Dodged            |    73 |    77 |   142 ||   292

Table legend:
 A = Non-vault XP
 B = Vault XP
 C = Vault XP percentage of total XP
 D = Non-vault monster count
 E = Vault monster count
 F = Vault count percentage of total count
                 A         B        C        D         E       F
            +---------+---------+-------+---------+---------+-------
      Total |    2255 |      80 |   3.4 |     125 |       3 |   2.3
            +---------+---------+-------+---------+---------+-------
        D:1 |      40 |       2 |   4.8 |      25 |       1 |   3.8
        D:2 |      50 |      78 |  60.9 |      20 |       2 |   9.1
        D:3 |     181 |       0 |   0.0 |      25 |       0 |   0.0
        D:4 |     535 |       0 |   0.0 |      19 |       0 |   0.0
        D:5 |     584 |       0 |   0.0 |      22 |       0 |   0.0
        D:6 |     865 |       0 |   0.0 |      14 |       0 |   0.0
            +---------+---------+-------+---------+---------+-------
